Map: King's Cove LE

Players

BBSITO - Winner!

  • Race: Terran Terran
  • League: Master
  • Spawn Location: 11:00

GangusKaun

  • Race: Protoss Protoss
  • League: Gold
  • Spawn Location: 5:00

VOD

Have the link to the VOD?

Description

MaxPax's 12 Pylon DT v 1:1:1 scouted

- shold maybe have possitioned/layed down cannon sooner and better

Time

  • Played on: Dec. 3, 2024, 11:35 p.m.
  • Length: 4:56
Show
View Real Time Build Order
Export as new Build Order

BBSITO Terran - Winner!

Build Orders:  

Get SALT Encoding   

  12  0:00  SCV  
  13  0:13  Supply Depot  
  13  0:18  SCV  
  14  0:30  SCV  
  15  0:37  Barracks  
  15  0:49  Barracks  
  15  1:04  Barracks  
  15  1:29  Marine  
  16  1:36  Marine  
  17  1:41  SCV  
  18  1:47  Marine  
  18  1:51  Marine  
  20  1:54  Marine  
  20  1:55  Supply Depot  
  21  2:04  Marine  
  22  2:09  Marine  
  23  2:16  Marine  
  23  2:17  Supply Depot  
  23  2:22  Marine  
  24  2:26  SCV  
  24  2:27  Marine  
  27  2:34  Marine  
  28  2:40  Supply Depot, Marine  
  29  2:45  Marine  
  30  2:52  Marine  
  27  3:53  Marine x3  
  29  4:11  Marine x3  
  31  4:29  Marine x3  
Show
View Real Time Build Order
Export as new Build Order

GangusKaun Protoss 

Build Orders: Dark Templar Rush 

Get SALT Encoding   

  12  0:10  Pylon  
  12  0:16  Probe  
  13  0:30  Gateway  
  13  0:34  Probe  
  14  0:42  Assimilator  
  14  0:54  Probe  
  15  1:07  Probe  
  16  1:19  Probe  
  16  1:23  Cybernetics Core  
  16  1:32  Probe  
  17  1:37  Pylon  
  17  1:44  Probe  
  18  1:56  Probe  
  19  2:03  Nexus  
  19  2:13  Adept  
  21  2:18  Assimilator  
  21  2:19  Probe  
  22  2:31  Probe  
  23  2:40  Probe  
  24  2:55  Twilight Council  
  24  3:06  Shield Battery  
  24  3:11  Adept  
  23  3:16  Warp Gate  
  18  3:39  Dark Shrine  
  18  3:40  Probe x2  
  19  3:52  Probe x2  
  21  3:56  Pylon  
  21  4:06  Pylon  
  19  4:14  Gateway  
  19  4:17  Shield Battery  
  19  4:21  Pylon  
  8  4:42  Shield Battery  
Tags
 
Add a new tag
Caveats
  • Supply blocks, unpowered buildings, or Contaminate may cause inaccurate times.
  • Supply counts are checked every 10 seconds.